 Dungeon Crawl Stone Soup version 0.28.0-53-g5a82cb258f (webtiles) character file.

Game seed: 4651150899316160638

214840 raph the Bludgeoner (level 19, -7/120 HPs)
             Began as a Gargoyle Fighter on July 14, 2022.
             Was a High Priest of Okawaru.
             Mangled by a merfolk impaler
             ... wielding a +3 demon trident of freezing
              (12 damage)
             ... on level 4 of the Shoals.
             The game lasted 00:54:54 (30174 turns).

raph the Bludgeoner (Gargoyle Fighter)             Turns: 30174, Time: 00:54:54

Health: -7/120     AC: 46    Str: 23      XL:     19   Next: 40%
Magic:  3/28       EV:  8    Int: 15      God:    Okawaru [*****.]
Gold:   2776       SH:  0    Dex: 18 (19) Spells: 18/18 levels left

rFire   + . .      SeeInvis .   a - +5 morningstar of Corporal Punishment {venom, rF+ Int+4 Stlth-}
rCold   + . .      Faith    .   P - +3 buckler {reflect}
rNeg    + . .      Spirit   .   V - +2 plate armour {rC+}
rPois   ∞          Reflect  +   z - +1 hat {Will+}
rElec   +          Harm     .   G - +0 cloak of Death's Door {Regen+ Int+3}
rCorr   .          Rampage  ∞   k - +2 pair of gloves {infuse}
Will    ++...                   Q - +3 pair of seven-league boots {Rampage+∞}
Stlth   ..........              I - amulet of regeneration
HPRegen 1.90/turn               i - +4 ring of slaying
MPRegen 0.21/turn               t - +6 ring of dexterity

@: mighty, heroic, finesse-ful, engulfed, flying, held
A: sickness immunity, AC +14, big wings, negative energy resistance 1,
electricity resistance, torment resistance 1, petrification resistance, clumsy
1, deterioration 1
a: Renounce Religion, Heroism, Finesse, Duel


You were on level 4 of the Shoals.
You worshipped Okawaru.
Okawaru was extremely pleased with you.
You visited 5 branches of the dungeon, and saw 28 of its levels.
You also visited: Ice Cave.

You collected 4047 gold pieces.
You spent 1271 gold pieces at shops.

Inventory:

Hand Weapons
 a - the +5 morningstar of Corporal Punishment (weapon) {venom, rF+ Int+4 Stlth-}
   (Okawaru gifted it to you on level 11 of the Dungeon)

   It poisons the flesh of those it strikes.
   Int:       It affects your intelligence (+4).
   rF:        It protects you from fire.
   Stlth:     It makes you less stealthy.
 b - a +1 hunting sling of freezing
 p - a +0 eveningstar of protection
 O - a +1 morningstar of holy wrath
Missiles
 r - 306 sling bullets
 E - 4 throwing nets (quivered)
Armour
 k - a +2 pair of gloves of infusion (worn)
 z - a +1 hat of willpower (worn)
 G - the +0 cloak of Death's Door (worn) {Regen+ Int+3}
   (You found it on level 9 of the Dungeon)

   Int:       It affects your intelligence (+3).
   Regen:     It increases your rate of health regeneration.
 K - the +2 pair of gloves of the Equinox {-Cast rPois rCorr Str+2}
   (You found it on level 10 of the Dungeon)

   Str:       It affects your strength (+2).
   rPois:     It protects you from poison.
   -Cast:     It prevents spellcasting.
   rCorr:     It protects you from acid and corrosion.
 P - a +3 buckler of reflection (worn)
 Q - the +3 pair of seven-league boots (worn) {Rampage+∞}
   (Okawaru gifted it to you on level 1 of the Lair of Beasts)

   Its wearer moves as far as possible in that direction when moving towards
   enemies.
 V - a +2 plate armour of cold resistance (worn)
Jewellery
 i - a +4 ring of slaying (left hand)
 l - a ring of see invisible
 t - a +6 ring of dexterity (right hand)
 B - a +6 ring of strength
 H - a ring of protection from cold
 I - an amulet of regeneration (around neck)
Wands
 g - a wand of paralysis (3)
 v - a wand of flame (39)
 C - a wand of iceblast (15)
 J - a wand of acid (9)
 M - a wand of mindburst (15)
 R - a wand of polymorph (14)
Scrolls
 f - 7 scrolls of amnesia
 j - 14 scrolls of teleportation
 s - 2 scrolls of enchant weapon
 y - 3 scrolls of magic mapping
 L - 2 scrolls of blinking
 X - 4 scrolls of identify
Potions
 c - 8 potions of ambrosia
 d - 2 potions of invisibility
 e - 4 potions of attraction
 m - 2 potions of brilliance
 n - 7 potions of lignification
 o - a potion of cancellation {unknown}
 u - 3 potions of mutation
 w - 9 potions of curing
 x - a potion of haste
 F - a potion of heal wounds
 N - 2 potions of berserk rage
 S - 2 potions of might
Miscellaneous
 q - a condenser vane (inert)
 D - a phial of floods


   Skills:
 + Level 13.6(18.6) Fighting
 - Level 16.0(21.0) Maces & Flails
 + Level 10.6(15.6) Slings
 + Level 13.5(18.5) Armour
 + Level 10.2(15.2) Dodging
 + Level 13.7(18.7) Shields
 - Level 12.7 Invocations
 + Level 2.8 Evocations


You had 18 spell levels left.
You didn't know any spells.
Your spell library contained the following spells:

 Spells                   Type           Power      Damage    Failure   Level
 Apportation              Tloc           0%         N/A       89%         1
 Corpse Rot               Necr/Air       0%         N/A       96%         2
 Ensorcelled Hibernation  Hex/Ice        0%         N/A       96%         2
 Poisonous Vapours        Pois/Air       0%         N/A       96%         2
 Wereblood                Tmut           0%         N/A       96%         2
 Frozen Ramparts          Ice            0%         1d2       99%         3
 Gell's Gravitas          Tloc           0%         N/A       99%         3
 Ignite Poison            Fire/Tmut/Pois 0%         N/A       99%         3
 Mephitic Cloud           Conj/Pois/Air  0%         N/A       99%         3
 Spider Form              Tmut/Pois      0%         N/A       99%         3
 Stone Arrow              Conj/Erth      0%         3d7       99%         3
 Teleport Other           Tloc           0%         N/A       99%         3
 Anguish                  Hex/Necr       0%         N/A       100%        4
 Fulminant Prism          Conj/Hex       0%         3d6       100%        4
 Hailstorm                Conj/Ice       0%         3d3       100%        4
 Ice Form                 Ice/Tmut       0%         N/A       100%        4
 Iskenderun's Mystic Bla  Conj/Tloc      0%         2d3       100%        4
 Petrify                  Tmut/Erth      0%         N/A       100%        4
 Alistair's Intoxication  Tmut/Pois      0%         N/A       100%        5
 Blade Hands              Tmut           0%         N/A       100%        5
 Borgnjor's Vile Clutch   Necr/Erth      0%         N/A       100%        5
 Fireball                 Conj/Fire      0%         3d3       100%        5
 Freezing Cloud           Conj/Ice/Air   0%         6-21      100%        5
 Irradiate                Conj/Tmut      0%         3d13      100%        5
 Lee's Rapid Deconstruct  Erth           0%         3d5*      100%        5
 Dispersal                Tloc           0%         N/A       100%        6
 Iron Shot                Conj/Erth      0%         9d1       100%        6
 Starburst                Conj/Fire      0%         6d3       100%        6
 Enfeeble                 Hex            0%         N/A       100%        7
 Borgnjor's Revivificati  Necr           0%         N/A       100%        8
 Ignition                 Fire           0%         3d3       100%        8
 Lehudib's Crystal Spear  Conj/Erth      0%         10d2      100%        8
 Necromutation            Tmut/Necr      0%         N/A       100%        8
 Death's Door             Necr           0%         N/A       100%        9
 Polar Vortex             Ice            0%         N/A       100%        9
 Sublimation of Blood     Necr           Unusable   N/A       N/A         2
 Tukima's Dance           Hex            Unusable   N/A       N/A         3
 Animate Armour           Summ/Erth      Unusable   N/A       N/A         4
 Animate Dead             Necr           Unusable   N/A       N/A         4
 Summon Ice Beast         Ice/Summ       Unusable   N/A       N/A         4
 Death Channel            Necr           Unusable   N/A       N/A         6
 Simulacrum               Ice/Necr       Unusable   N/A       N/A         6
 Summon Hydra             Summ           Unusable   N/A       N/A         7

Dungeon Overview and Level Annotations

Branches:
Dungeon (15/15)            Temple (1/1) D:6            Lair (6/6) D:11
 Shoals (4/4) Lair:2        Snake (0/4) Lair:2        Slime (0/5) Lair:5
    Orc (2/2) D:12            Elf (0/3) Orc:2        Vaults (0/5) D:13
 Depths (0/4) D:15          IceCv (visited)

Altars:
Ashenzari
Cheibriados
Dithmenos
Elyvilon
Fedhas
Gozag
Hepliaklqana
Kikubaaqudgha
Makhleb
Nemelex Xobeh
Okawaru
Qazlal
Ru
Sif Muna
Trog
Uskayaw
Vehumet
Wu Jian
Xom
Yredelemnul
Zin
The Shining One

Shops:
D:12 [   Orc:2 =(*[   Shoals:3 !

Portals:
Trove: D:12 (give +3 gold dragon scales)

Annotations:
D:3 fly
D:13 exclusion: 2 statues


Innate Abilities, Weirdness & Mutations

You are immune to sickness and miasma.
Your stone body is resilient. (AC +14)
You are immune to poison.
Your large and strong wings let you fly.
You resist negative energy. (rN+)
You are resistant to electric shocks. (rElec)
You are resistant to unholy torment.
You are immune to petrification.
You are clumsy. (Dex -2)
Your body sometimes deteriorates upon taking damage.


Message History

The merfolk barely misses you.
The merfolk hits you but does no damage.
The water elemental hits you.
Unknown command.
You feel much better.
The merfolk impaler hits you but does no damage.
The merfolk impaler completely misses you.
The merfolk impaler hits you but does no damage.
The merfolk is engulfed in poison gas.
The merfolk looks as sick as possible!
The merfolk impaler barely misses you. The snapping turtle barely misses you.
The merfolk impaler barely misses you.
The merfolk impaler hits you from afar with a +0 demon trident of freezing!
* * * LOW HITPOINT WARNING * * *
The merfolk impaler freezes you.
* * * LOW HITPOINT WARNING * * *
The merfolk hits you from afar with a +0 trident.
* * * LOW HITPOINT WARNING * * *
The merfolk hits you but does no damage. x2
The wind drake bites you but does no damage.
The merfolk impaler hits you but does no damage.
The water elemental barely misses you.
The merfolk is engulfed in poison gas.
The merfolk looks as sick as possible!
You kill the merfolk!
Okawaru accepts your kill.
You hear a splash. x2
The merfolk impaler hits you from afar with a +2 trident of venom.
* * * LOW HITPOINT WARNING * * *
As you read the scroll of fear, it crumbles to dust.
You assume a fearsome visage.
The wind drake looks frightened!
The merfolk impaler resists with some effort.
The merfolk impaler looks frightened!
The merfolk looks frightened!
The merfolk impaler looks frightened!
The merfolk looks frightened!
The merfolk impaler looks frightened!
The dream sheep looks frightened!
A frightened dream sheep leaps away.
The dream sheep looks frightened!
The dream sheep bleats in terror.
The merfolk looks frightened!
The snapping turtle looks frightened!
The water elemental is unaffected.
The dream sheep looks more healthy.
The merfolk impaler hits you from afar with a +3 demon trident of freezing!
You die...

≈≈≈≈≈≈≈≈≈≈≈≈≈≈≈≈≈≈≈≈≈≈≈≈≈≈≈≈≈≈≈≈≈
≈≈≈≈≈≈≈≈≈≈≈≈≈≈≈≈≈≈≈≈≈≈≈≈≈≈≈≈≈≈≈≈≈
≈,,,,,,,≈≈≈≈≈≈≈≈≈≈≈≈≈≈≈≈≈≈≈≈.≈≈≈≈
,***,,**,≈≈≈≈≈≈≈≈≈≈≈≈≈≈≈≈≈≈≈.≈≈≈≈
,*******,≈≈≈≈≈≈≈≈≈≈≈≈≈≈≈≈≈≈≈≈≈≈≈≈
*,≈≈*≈≈**#≈≈≈≈≈≈≈≈≈≈≈≈≈≈≈≈≈≈..≈≈≈
*≈≈≈≈≈≈≈*≈≈≈≈≈≈≈≈≈m≈<..≈###..#.≈≈
**≈*≈*≈**#≈≈≈≈≈≈≈≈≈≈#≈.#######..≈
**≈≈,≈≈**≈≈°≈≈m≈@k≈≈≈###.#*#.##≈.
*≈≈*≈*≈**≈≈§§≈≈≈≈Em°≈≈#...≈...#≈.
*≈≈≈≈≈≈≈*≈≈≈≈m°mmmt≈≈##≈.#.#..#≈.
**≈≈≈≈≈**#≈≈≈Y≈≈○○≈☼○##m≈.:.≈,#..
≈*******≈≈≈≈≈≈†≈§°§☼≈§#..#.#.###.
≈**≈≈≈**,≈≈≈≈≈§§§○☼§≈##..)≈...#..
≈,,,,,,,,..≈≈≈§§§§§≈.§#..#*,,##..
≈,,,,,,,,....≈≈)≈m§....###*###...
≈≈,,,,,,,.....)†≈m§.§)..≈###≈....


You could see 4 merfolk impalers, a snapping turtle (fleeing, extremely
poisoned), a wind drake (repels missiles, fleeing), 4 merfolk, a water elemental
and a dream sheep (fleeing).

Vanquished Creatures
  2 krakens
  Gastronok (D:10)
  A frost giant (Shoals:4)
  An orc warlord (Arena)
  A stone giant (D:14)
  A very ugly thing (D:14)
  A reaper (IceCv)
  Josephine (D:13)
  3 fire dragons
  A merfolk impaler (Shoals:3)
  16 hydras
  10 boulder beetles
  A vault guard (D:13)
  3 ogre magi (D:14)
  3 catoblepae
  Harold (Lair:1)
  2 death knights (D:14)
  2 merfolk aquamancers
  The ghost of diceflayer the Fighter, a novice MiFi of Okawaru (D:8)
  5 merfolk avatars
  9 two-headed ogres
  15 centaur warriors
  A dancing weapon (D:8)
  A satyr (Shoals:3)
  3 death yaks (Lair:6)
  A tengu warrior (D:13)
  4 orc high priests (Orc:2)
  Nergalle (D:10)
  A fire crab (Lair:6)
  4 skeletal warriors (D:13)
  11 sea snakes
  5 orc knights
  15 harpies
  5 deep elf pyromancers
  A deep elf zephyrmancer (D:14)
  3 orc sorcerers
  5 ugly things (D:14)
  27 manticores
  A moth of wrath (shapeshifter) (D:14)
  11 elephants
  4 black mambas
  12 cyclopes
  8 merfolk sirens
  A molten gargoyle (Lair:5)
  A gargoyle (D:13)
  4 water nymphs
  2 ice statues (IceCv)
  12 cane toads
  A kobold demonologist (D:11)
  Maggie (D:9)
  Psyche (D:8)
  A rime drake (shapeshifter) (D:13)
  2 efreet (D:14)
  10 komodo dragons
  3 unseen horrors
  2 rime drakes
  8 ice devils (IceCv)
  A tengu conjurer (D:13)
  6 polar bears
  4 trolls
  17 merfolk
  7 meliai
  A queen bee (shapeshifter) (D:13)
  A queen bee (D:15)
  4 wind drakes
  A wind drake (shapeshifter) (D:14)
  29 blink frogs
  9 slime creatures
  7 dream sheep
  11 snapping turtles
  5 hornets
  A culicivora (shapeshifter) (D:14)
  8 spriggans (Lair:6)
  A wyvern (D:9)
  10 wraiths
  2 dire elephant simulacra (IceCv)
  A shadow (D:13)
  A vampire (D:14)
  7 water elementals
  A fire elemental (Lair:6)
  4 fire bats (Lair:6)
  47 yaks
  7 basilisks
  2 death yak simulacra (IceCv)
  4 vampire mosquitoes
  2 nagas (Lair:2)
  A redback (D:14)
  Menkaure (D:6)
  3 steam dragons
  A harpy simulacrum (IceCv)
  6 wargs
  4 acid dragons
  15 water moccasins
  Duvessa (D:6)
  An ice beast (D:5)
  30 orc warriors
  5 black bears
  29 wolves
  A necrophage (D:6)
  11 ogres
  A tengu (shapeshifter) (D:14)
  3 boggarts (Lair:6)
  6 centaurs
  A phantom (D:5)
  A kobold brigand (D:10)
  A bullfrog (shapeshifter) (D:14)
  A gnoll sergeant (D:12)
  22 bullfrogs
  3 scorpions
  A wyvern zombie (D:8)
  A two-headed ogre simulacrum (IceCv)
  A wyvern skeleton (D:7)
  Dowan (D:6)
  29 killer bees
  8 wights
  2 elephant simulacra (IceCv)
  4 electric eels
  7 howler monkeys
  3 bullfrog zombies
  2 centaur zombies
  A hound (D:7)
  3 bullfrog skeletons
  22 orc priests
  4 iguanas
  A scorpion zombie (D:5)
  34 orc wizards
  3 troll simulacra (IceCv)
  2 spriggan simulacra (IceCv)
  A polar bear simulacrum (IceCv)
  A wolf simulacrum (IceCv)
  Robin (D:4)
  7 adders
  12 gnolls
  2 naga simulacra (IceCv)
  A shadow imp (D:7)
  6 white imps
  3 ufetubi
  A worm (D:2)
  2 dart slugs (D:5)
  76 orcs
  7 bats
  8 endoplasms
  3 giant cockroaches
  15 goblins
  10 hobgoblins
  3 jackals (D:3)
  2 quokkas (D:2)
  6 ball pythons
  3 frilled lizards
  8 kobolds
  6 rats
  A butterfly (D:15)
  3 tentacles
920 creatures vanquished.

Vanquished Creatures (collateral kills)
  An endoplasm (D:3)
1 creature vanquished.

Vanquished Creatures (others)
  A merfolk javelineer (Shoals:4)
  A manticore (Shoals:4)
  2 spriggans (Lair:6)
  A golden eye (shapeshifter) (D:14)
  2 orcs
  34 fungi
  92 plants
  8 tentacles
141 creatures vanquished.

Grand Total: 1062 creatures vanquished

Notes
Turn   | Place    | Note
-------+----------+-------------------------------------------
     0 | D:1      | raph the Gargoyle Fighter began the quest for the Orb.
     0 | D:1      | Reached XP level 1. HP: 14/14 MP: 1/1
   185 | D:1      | Reached XP level 2. HP: 19/19 MP: 2/2
   257 | D:1      | Reached skill level 3 in Maces & Flails
   783 | D:2      | Reached XP level 3. HP: 23/23 MP: 3/3
  1197 | D:2      | Reached skill level 4 in Maces & Flails
  1306 | D:2      | Found a faded altar of an unknown god.
  1325 | D:2      | Found a glowing silver altar of Zin.
  1448 | D:3      | Reached XP level 4. HP: 25/28 MP: 4/4
  1834 | D:3      | Reached skill level 5 in Maces & Flails
  1902 | D:3      | Reached XP level 5. HP: 32/32 MP: 5/5
  3134 | D:4      | Reached skill level 6 in Maces & Flails
  3175 | D:4      | Reached XP level 6. HP: 37/37 MP: 6/6
  3690 | D:4      | Noticed Robin
  3694 | D:4      | Reached skill level 7 in Maces & Flails
  3699 | D:4      | Killed Robin
  4187 | D:4      | Reached XP level 7. HP: 41/41 MP: 7/7
  4350 | D:5      | Entered Level 5 of the Dungeon
  4351 | D:5      | Noticed a wraith
  4365 | D:5      | Killed a wraith
  4366 | D:5      | Reached skill level 8 in Maces & Flails
  4686 | D:5      | Reached skill level 9 in Maces & Flails
  4686 | D:5      | Reached XP level 8. HP: 39/46 MP: 8/8
  5116 | D:5      | Reached skill level 10 in Maces & Flails
  5577 | D:6      | Found a staircase to the Ecumenical Temple.
  5623 | Temple   | Entered the Ecumenical Temple
  6049 | Temple   | Became a worshipper of Warmaster Okawaru
  6154 | D:6      | Reached skill level 11 in Maces & Flails
  6183 | D:6      | Noticed Menkaure
  6191 | D:6      | Reached XP level 9. HP: 48/51 MP: 9/9
  6194 | D:6      | Killed Menkaure
  6196 | D:6      | Noticed Duvessa
  6196 | D:6      | Noticed Dowan
  6223 | D:6      | Killed Duvessa
  6223 | D:6      | Reached * piety under Okawaru
  6362 | D:6      | Reached skill level 12 in Maces & Flails
  6434 | D:6      | Killed Dowan
  7111 | D:7      | Reached skill level 1 in Invocations
  7198 | D:7      | Reached ** piety under Okawaru
  7199 | D:7      | Reached skill level 1 in Dodging
  7480 | D:7      | Found a bloodstained altar of Trog.
  7513 | D:7      | Found a hide-covered altar of Uskayaw.
  7963 | D:8      | Reached XP level 10. HP: 57/57 MP: 11/11
  8138 | D:8      | Found a runed translucent door.
  8139 | D:8      | Found a shimmering altar of Xom.
  8139 | D:8      | Noticed diceflayer's ghost (novice MiFi)
  8139 | D:8      | Noticed a +4 whip of chaos
  8282 | D:8      | Noticed Psyche
  8299 | D:8      | Killed Psyche
  8299 | D:8      | Reached *** piety under Okawaru
  9159 | D:9      | Reached skill level 5 in Fighting
  9173 | D:9      | Reached skill level 5 in Armour
  9173 | D:9      | Reached skill level 5 in Shields
  9176 | D:9      | Noticed Maggie
  9187 | D:9      | Killed Maggie
  9560 | D:9      | Reached skill level 1 in Slings
  9718 | D:9      | Identified the +0 cloak of Death's Door {Regen+ Int+3}
  9772 | D:9      | Noticed a two-headed ogre
  9784 | D:9      | Killed a two-headed ogre
  9785 | D:9      | Reached skill level 13 in Maces & Flails
 10081 | D:10     | Entered Level 10 of the Dungeon
 10267 | D:10     | Noticed Gastronok
 10428 | D:10     | Killed Gastronok
 10429 | D:10     | Reached XP level 11. HP: 64/64 MP: 14/14
 10567 | D:10     | Noticed a two-headed ogre
 10577 | D:10     | Killed a two-headed ogre
 10577 | D:10     | Reached **** piety under Okawaru
 10577 | D:10     | Received a gift from Okawaru
 10651 | D:10     | Reached skill level 5 in Invocations
 10789 | D:10     | Noticed Nergalle
 10804 | D:10     | Killed Nergalle
 10880 | D:10     | Identified the +2 pair of gloves of the Equinox {-Cast
                  | rPois rCorr Str+2}
 11009 | D:11     | Found a sacrificial altar of Ru.
 11100 | D:11     | Reached ***** piety under Okawaru
 11174 | D:11     | Noticed a two-headed ogre
 11186 | D:11     | Killed a two-headed ogre
 11223 | D:11     | Found a staircase to the Lair.
 11254 | D:11     | Noticed a two-headed ogre
 11263 | D:11     | Killed a two-headed ogre
 11281 | D:11     | Noticed a boulder beetle
 11306 | D:11     | Killed a boulder beetle
 11306 | D:11     | Identified the +5 morningstar of Corporal Punishment
                  | {venom, rF+ Int+4 Stlth-} (Okawaru gifted it to you on
                  | level 11 of the Dungeon)
 11306 | D:11     | Received a gift from Okawaru
 11418 | D:11     | Noticed a cyclops
 11427 | D:11     | Killed a cyclops
 11435 | D:11     | Reached XP level 12. HP: 71/71 MP: 14/16
 11507 | D:11     | Noticed an eight-headed hydra
 11526 | D:11     | Killed an eight-headed hydra
 11693 | D:11     | Noticed a boulder beetle
 11701 | D:11     | Killed a boulder beetle
 11828 | Lair:1   | Entered Level 1 of the Lair of Beasts
 12049 | Lair:1   | Noticed Harold
 12062 | Lair:1   | Killed Harold
 12063 | Lair:1   | Reached skill level 5 in Dodging
 12091 | Lair:1   | Received a gift from Okawaru
 12091 | Lair:1   | Found the +3 pair of seven-league boots {Rampage+∞}
 12417 | Lair:1   | Noticed a five-headed hydra
 12423 | Lair:1   | Killed a five-headed hydra
 12898 | Lair:2   | Reached skill level 14 in Maces & Flails
 13103 | Lair:2   | Found a staircase to the Snake Pit.
 13106 | Lair:2   | Reached skill level 5 in Slings
 13161 | Lair:2   | Reached XP level 13. HP: 72/78 MP: 15/18
 13505 | Lair:2   | Found a staircase to the Shoals.
 13907 | Lair:3   | Found a frozen archway.
 13922 | IceCv    | Entered an ice cave
 14362 | IceCv    | Received a gift from Okawaru
 14481 | IceCv    | Noticed a reaper
 14799 | IceCv    | Killed a reaper
 14802 | IceCv    | Identified the +1 ring mail of the Doldrums {Contam rN+
                  | Int+6} (Okawaru gifted it to you in an ice cave)
 14802 | IceCv    | Received a gift from Okawaru
 16334 | Lair:4   | Reached skill level 15 in Maces & Flails
 17239 | Lair:5   | Gained mutation: Your large and strong wings let you fly.
                  | [Gargoyle growth]
 17239 | Lair:5   | Reached XP level 14. HP: 86/86 MP: 20/20
 17268 | Lair:5   | Found a staircase to the Slime Pits.
 17683 | Lair:6   | Entered Level 6 of the Lair of Beasts
 17950 | Lair:6   | Received a gift from Okawaru
 18062 | Lair:6   | Received a gift from Okawaru
 18083 | Lair:6   | Received a gift from Okawaru
 18090 | Lair:6   | Reached ****** piety under Okawaru
 18125 | Lair:6   | Received a gift from Okawaru
 18180 | Lair:6   | Identified the +5 scale mail "Ycviotru" {rC+++ Int-2}
                  | (Okawaru gifted it to you on level 6 of the Lair of Beasts)
 18180 | Lair:6   | Received a gift from Okawaru
 18491 | Lair:6   | Reached skill level 10 in Shields
 18804 | Lair:6   | Reached skill level 10 in Fighting
 18804 | Lair:6   | Reached skill level 16 in Maces & Flails
 18924 | Lair:6   | Reached skill level 10 in Armour
 19287 | Lair:6   | Reached XP level 15. HP: 92/92 MP: 22/22
 19753 | D:8      | Killed diceflayer's ghost
 20203 | D:12     | Found a staircase to the Orcish Mines.
 20308 | D:12     | Found Gilgamesh's Dragon-Slaying Spoils.
 20434 | D:12     | Found a bloodstained altar of Trog.
 20489 | D:12     | Found a portal to a secret trove of treasure.
 20566 | Orc:1    | Entered Level 1 of the Orcish Mines
 20688 | Orc:1    | Received a gift from Okawaru
 21182 | Orc:2    | Entered Level 2 of the Orcish Mines
 21496 | Orc:2    | Found a staircase to the Elven Halls.
 21511 | Orc:2    | Received a gift from Okawaru
 21823 | Orc:2    | Noticed an orc warlord
 21921 | Orc:2    | Reached skill level 10 in Invocations
 21921 | Arena    | Entered the Arena
 21934 | Arena    | Killed an orc warlord
 22089 | Orc:2    | Gained mutation: Your body sometimes deteriorates upon
                  | taking damage. [a neqoxec]
 22091 | Orc:2    | Gained mutation: You are clumsy. (Dex -2) [a neqoxec]
 22689 | Orc:2    | Received a gift from Okawaru
 23081 | Orc:2    | Found Rusepin's General Store.
 23082 | Orc:2    | Found Pemitaur's Jewellery Shop.
 23083 | Orc:2    | Found Xagrulu's Antique Armour Boutique.
 23083 | Orc:2    | Found Guenenwio's Antique Weapon Boutique.
 23111 | Orc:2    | Bought a condenser vane for 560 gold pieces
 23111 | Orc:2    | Bought a scroll of enchant weapon for 105 gold pieces
 23112 | Orc:2    | Bought an amulet of regeneration for 390 gold pieces
 23425 | D:13     | Received a gift from Okawaru
 23699 | D:13     | Reached XP level 16. HP: 100/100 MP: 22/24
 23700 | D:13     | Reached XP level 17. HP: 106/106 MP: 22/25
 23724 | D:13     | Noticed Josephine
 23738 | D:13     | Killed Josephine
 23932 | D:13     | Received a gift from Okawaru
 24141 | D:13     | Found a gate to the Vaults.
 24326 | D:14     | Received a gift from Okawaru
 24339 | D:14     | Reached XP level 18. HP: 112/112 MP: 26/26
 24642 | D:14     | You are sucked into a shaft and drop 1 floor!
 24642 | D:15     | Entered Level 15 of the Dungeon
 24886 | D:14     | Received a gift from Okawaru
 24955 | D:14     | Identified the amulet "Ixuom" {Spirit rC- Str+2 Int+8
                  | Stlth-}
 25061 | D:14     | Found a hide-covered altar of Uskayaw.
 26198 | D:15     | Found a staircase to the Depths.
 26523 | D:15     | Found a white marble altar of Elyvilon.
 26564 | D:15     | Found an ornate altar of the Wu Jian Council.
 26797 | Shoals:1 | Entered Level 1 of the Shoals
 27316 | Shoals:1 | Reached skill level 10 in Slings
 27794 | Shoals:2 | Received a gift from Okawaru
 28027 | Shoals:2 | Found a sacrificial altar of Ru.
 28754 | Shoals:2 | Reached XP level 19. HP: 107/119 MP: 22/28
 29028 | Shoals:3 | Found Liuratyc's Distillery.
 29039 | Shoals:3 | Bought a potion of heal wounds for 60 gold pieces
 29039 | Shoals:3 | Bought a potion of heal wounds for 60 gold pieces
 29039 | Shoals:3 | Bought a potion of might for 48 gold pieces
 29039 | Shoals:3 | Bought a potion of brilliance for 48 gold pieces
 29080 | Shoals:3 | Reached skill level 10 in Dodging
 29093 | Shoals:3 | Reached skill level 1 in Evocations
 29094 | Shoals:3 | Identified the +2 pair of gloves of Daffodils {Str-4 Int+8}
                  | (Okawaru gifted it to you on level 3 of the Shoals)
 29094 | Shoals:3 | Received a gift from Okawaru
 29238 | Shoals:3 | Identified the +8 war axe "Rimy" {pain, rPois rC+ Dex+7}
 29588 | Shoals:3 | Identified the +0 leather armour of the Eternal Fruit
                  | {Str+4}
 30033 | Shoals:4 | Entered Level 4 of the Shoals
 30173 | Shoals:4 | HP: 4/120 [merfolk impaler/+2 trident of venom (6)]
 30174 | Shoals:4 | Mangled by a merfolk impaler

Illustrated notes

Levels and vault maps discovered:
D:1:      zaba_arrival_water, layout_basic, minmay_pentomino_r2
D:2:      layout_basic, basic_altar, hellmonk_ecumenical_altar_prayer_group,
          roderic_nine_men_s_morris, minmay_misc_feat_enclosed
D:3:      layout_loops_ring, corexii_item_surrounded_by_moat,
          grunt_decor_junction, grunt_decor_cap, kennysheep_minor_cross
D:4:      layout_basic, uniq_robin
D:5:      layout_cave_pools
D:6:      layout_cave_pools, minmay_temple_entry_hall, uniq_menkaure,
          uniq_duvessa
D:7:      minmay_inner_zag, layout_rooms, mainiacjoe_overflow_large_starburst
D:8:      layout_basic, ebering_ghost_xom, uniq_psyche
D:9:      layout_gridville, enter_bailey_8, uniq_maggie
D:10:     layout_big_octagon, uniq_nergalle, uniq_gastronok
D:11:     layout_irregular_city, lair_entry_dummy,
          nicolae_ru_the_path_less_chosen
D:12:     layout_rooms, orc_0_dummy, nicolae_trove_entry_isolated,
          nicolae_shop_dragon_depot, trog_ov_bears_minmay
D:13:     minmay_recursive_quarters, layout_cave_pools, david_vaults_5,
          minmay_dual_archer_statues, uniq_josephine
D:14:     minmay_the_grid_square_5x5_5x5
          [minmay_the_grid_square_5x5_inverted_slash,
          minmay_the_grid_square_5x5_inset,
          minmay_the_grid_square_5x5_two_small, minmay_the_grid_square_5x5_six,
          minmay_the_grid_square_5x5_bridge,
          minmay_the_grid_square_5x5_one_wall,
          minmay_the_grid_square_5x5_prize_rear_guard,
          minmay_the_grid_square_5x5_inner_v,
          minmay_the_grid_square_5x5_prize_gold,
          minmay_the_grid_square_5x5_inner_i,
          minmay_the_grid_square_5x5_tri_point,
          minmay_the_grid_square_5x5_checkered_statues,
          minmay_the_grid_square_5x5_prize_monsterx,
          minmay_the_grid_square_5x5_comb,
          minmay_the_grid_square_5x5_sharp_hourglass,
          minmay_the_grid_square_5x5_forky,
          minmay_the_grid_square_5x5_prize_deathbox,
          minmay_the_grid_square_5x5_lines,
          minmay_the_grid_square_5x5_prize_itemx, minmay_the_grid_square_5x5_z,
          minmay_the_grid_square_5x5_beaten_path,
          minmay_the_grid_square_5x5_shrine2,
          minmay_the_grid_square_5x5_spiral_small, minmay_the_grid_square_5x5_n,
          minmay_the_grid_square_5x5_minibox], layout_grid_maze,
          nicolae_uskayaw_suspiria, minmay_misc_feat_ornament, minivault_1
D:15:     grunt_enter_depths_hoard, layout_rooms, special_room
          [special_room_bee], serial_glass, glass_columns_b, glass_columns_c,
          due_unseen_surprise, item_on_display_a, feat_on_display,
          item_on_display_a, nzn_wu_jian_council_hall,
          nicolae_elyvilon_peaceful_grove
Temple:   mainiacjoe_temple_big_plus
Lair:1:   layout_gridlike, beast_lair_carwin_11, uniq_harold
Lair:2:   layout_long_grid, elwin_shoals_entry_rooms,
          guppyfry_snake_entry_garden, nicolae_quartered_pool_medium,
          chequers_serial_rivers_micro_d, chequers_serial_rivers_large_a
Lair:3:   layout_cave_pods, portal_ice_cave_entry_pillars_2,
          dreamdust_deal_with_the_devil, serial_bayou_shore_b
Lair:4:   layout_roguey
Lair:5:   layout_gridlike, slime_dummy
Lair:6:   minmay_lair_end_enchanted_forest, layout_gridlike, wad_woods_road_02,
          st_stairs_7
Shoals:1: layout_shoals
Shoals:2: layout_shoals, lemuel_altar_in_water2
Shoals:3: layout_shoals, serial_shops, nicolae_shop_hallway_plus
Shoals:4: shoals_end_grunt_ice, layout_shoals, lemuel_oklob_altar,
          uniq_polyphemus
Orc:1:    layout_caves, mines2_lemuel
Orc:2:    st_orc_congregation, layout_caves, nooodl_orcs_dogs

Skill      XL: |  1  2  3  4  5  6  7  8  9 10 11 12 13 14 15 16 17 18 19 |
---------------+----------------------------------------------------------+-----
Maces & Flails | 3 4 5 6 7 9 11 12 13 14 15 16 | 16.0
Invocations    | 2 4 5 7 8 9 10 11 12 | 12.7
Dodging        | 1 3 4 5 6 7 8 9 10 | 10.2
Fighting       | 4 5 6 8 9 10 11 13 | 13.6
Shields        | 4 5 7 8 9 10 11 12 13 | 13.7
Armour         | 4 5 7 8 9 10 11 13 | 13.5
Slings         | 2 3 5 6 7 8 9 10 | 10.6
Evocations     | 2 |  2.8

Action                   |  1- 3 |  4- 6 |  7- 9 | 10-12 | 13-15 | 16-18 | 19-21 || total
-------------------------+-------+-------+-------+-------+-------+-------+-------++-------
Melee: Flail             |   107 |   193 |   232 |   290 |       |       |       ||   822
       Morningstar       |       |       |       |   227 |  1169 |   851 |   197 ||  2444
 Fire: Hunting sling     |       |       |    64 |    71 |   269 |    24 |       ||   428
Throw: Dart              |       |     5 |       |       |       |       |       ||     5
Invok: Heroism           |       |       |       |    14 |    15 |     8 |     2 ||    39
       Finesse           |       |       |       |       |     4 |     2 |     1 ||     7
       Duel              |       |       |       |       |     1 |       |       ||     1
Evoke: Wand              |       |       |       |       |       |       |     1 ||     1
       Condenser vane    |       |       |       |       |       |       |     1 ||     1
  Use: Scroll            |       |     7 |     7 |     6 |     8 |     3 |     6 ||    37
       Potion            |       |       |       |     1 |     1 |     4 |     5 ||    11
Armor: Scale mail        |    29 |       |       |       |       |       |       ||    29
       Chain mail        |    38 |   132 |   147 |   290 |   106 |       |       ||   713
       Plate armour      |       |       |       |       |   635 |   521 |   215 ||  1371
Dodge: Dodged            |    47 |    71 |    67 |   215 |   438 |   350 |   148 ||  1336
Block: Buckler           |    29 |    38 |    59 |   169 |   385 |   350 |   160 ||  1190
       Reflection        |       |       |       |       |       |    16 |     5 ||    21
